 Dungeon Crawl Stone Soup version 0.29-a0-551-gffc1d7fb78 (webtiles) character file.

Game seed: 15487103201525951441

3 shadowstone the Shield-Bearer (level 1, -1/18 HPs)
             Began as a Demigod Fighter on June 5, 2022.
             Slain by a quokka (2 damage)
             ... on level 1 of the Dungeon on June 6, 2022.
             The game lasted 00:01:09 (95 turns).

shadowstone the Shield-Bearer (Demigod Fighter)       Turns: 95, Time: 00:01:10

Health: -1/18      AC:  6    Str: 17    XL:     1   Next: 33%
Magic:  3/3        EV:  8    Int: 10    God:
Gold:   0          SH:  4    Dex: 13    Spells: 0/0 levels left

rFire   . . .      SeeInvis .   a - +0 trident
rCold   . . .      Faith    .   c - +0 buckler
rNeg    . . .      Spirit   .   b - +0 scale mail
rPois   .          Reflect  .   (no helmet)
rElec   .          Harm     .   (no cloak)
rCorr   .          Rampage  .   (no gloves)
Will    .....                   (no boots)
Stlth   ..........              (no amulet)
HPRegen 0.06/turn               (no ring)
MPRegen 0.08/turn               (no ring)

@: no status effects
A: high MP 1, forlorn, divine attributes
a: no special abilities


You were on level 1 of the Dungeon.
You visited 1 branch of the dungeon, and saw 1 of its levels.

Inventory:

Hand Weapons
 a - a +0 trident (weapon)
Armour
 b - a +0 scale mail (worn)
 c - a +0 buckler (worn)
Potions
 d - a potion of might
 e - a potion of attraction {unknown}


   Skills:
 + Level 2.7 Fighting
 + Level 1.8 Polearms
 + Level 2.7 Armour
 + Level 2.8 Shields


You couldn't memorise any spells.
You didn't know any spells.
Your spell library was empty.

Dungeon Overview and Level Annotations

Branches:
Dungeon (1/15)


Innate Abilities, Weirdness & Mutations

You have an increased reservoir of magic. (+10% MP)
You shall have no god before yourself.
Your divine heritage dramatically boosts your attributes as you level up.


Message History

The hobgoblin is lightly wounded.
The hobgoblin hits you. The hobgoblin closely misses you.
The hobgoblin barely misses you. The hobgoblin hits you.
You barely miss the hobgoblin.
The hobgoblin is lightly wounded.
A quokka comes into view.
The hobgoblin hits you but does no damage.
The hobgoblin hits you. You block the hobgoblin's attack.
The quokka moves out of view.
You puncture the hobgoblin!
You kill the hobgoblin!
The hobgoblin hits you.
* * * LOW HITPOINT WARNING * * *
The hobgoblin hits you but does no damage.
Found a stone staircase leading down.
The hobgoblin barely misses you.
The hobgoblin hits you but does no damage.
You see here a hobgoblin corpse.
You block the hobgoblin's attack. The hobgoblin attacks as you move away!
The hobgoblin barely misses you. The hobgoblin attacks as you move away!
The hobgoblin hits you but does no damage.
The hobgoblin attacks as you move away!
The hobgoblin hits you but does no damage.
You block the quokka's attack. x2
The hobgoblin attacks as you move away! The hobgoblin barely misses you.
The hobgoblin attacks as you move away! The hobgoblin closely misses you.
The quokka attacks as you move away!
The quokka bites you but does no damage.
You closely miss the quokka. The quokka closely misses you.
The hobgoblin hits you but does no damage.
The hobgoblin barely misses you. You block the quokka's attack.
You closely miss the quokka. The hobgoblin hits you.
* * * LOW HITPOINT WARNING * * *
You block the hobgoblin's attack. The quokka closely misses you.
The hobgoblin hits you but does no damage.
The hobgoblin hits you.
* * * LOW HITPOINT WARNING * * *
You miss the quokka. You block the quokka's attack.
The hobgoblin closely misses you. The quokka bites you.
You die...

## #######.####
#...@......#
#..grg......
###.>.B....#.#
#.......#.##
#.#.....#.##.#
#.##.........#
##.......#.##..
....##...#B#
.........# .


You could see a quokka, a giant cockroach and 2 hobgoblins.

Vanquished Creatures
  A ball python (D:1)
  A hobgoblin (D:1)
  A bat (D:1)
3 creatures vanquished.

Notes
Turn   | Place    | Note
-------+----------+-------------------------------------------
     0 | D:1      | shadowstone the Demigod Fighter began the quest for the
                  | Orb.
     0 | D:1      | Reached XP level 1. HP: 18/18 MP: 3/3
    95 | D:1      | Slain by a quokka

Illustrated notes

Levels and vault maps discovered:
D:1:      saegor_arrival_simple_b, layout_loops_cross, serial_rivers,
          chequers_serial_rivers_micro_d, chequers_serial_rivers_marsh,
          chequers_serial_rivers_micro_d, chequers_serial_rivers_micro_a

Action                   || total
-------------------------++-------
Melee: Trident           ||    14
Armor: Scale mail        ||    13
Dodge: Dodged            ||    12
Block: Buckler           ||     8

Table legend: (Time is in decaauts)
 A = Elapsed time spent in this place.
 B = Non-inter-level travel time spent in this place.
 C = Inter-level travel time spent in this place.
 D = Time resting spent in this place.
 E = Time spent auto-exploring this place.
 F = Levels seen in this place.
 G = Mean time per level.
                   A        B        C        D        E       F      G
               +--------+--------+--------+--------+--------+-----+--------+
         Total |    100 |     94 |      6 |      0 |      2 |   1 |  100.0 |
       Dungeon |    100 |     94 |      6 |      0 |      2 |   1 |  100.0 |
               +--------+--------+--------+--------+--------+-----+--------+

Top non-repeatable levels by time:
     D:1: 100 daAuts
